[Event "*** Titled Tuesday Blitz"]
[Site "Chess.com"]
[Date "2021.03.30"]
[Round "8"]
[White "LionTheLeon_06"]
[Black "Yurovskykh_Oleksandr"]
[Result "1-0"]
[WhiteElo "2697"]
[BlackElo "2540"]
[TimeControl "180+1"]
[EndTime "11:32:01 PDT"]
[Termination "LionTheLeon_06 won by checkmate"]

1. d4 d5 2. Nf3 Nf6 3. Bf4 c5 4. e3 Nc6 5. Nbd2 cxd4 6. exd4 Bf5 7. c3 e6 8. Be2 Bd6 9. Bxd6 Qxd6 10. Nh4 Be4 11. Nxe4 dxe4 12. g3 O-O-O 13. Ng2 e5 14. dxe5 Qxd1+ 15. Rxd1 Rxd1+ 16. Kxd1 Nxe5 17. Ne3 g6 18.
Kc2 Rd8 19. Rd1 Rxd1 20. Kxd1 Kd7 21. Kc2 h5 22. h3 Kd6 23. c4 a5 24. Kc3 Kc5 25. b3 b6 26. a3 Nc6 27. Nc2 Nd7 28.
b4+ axb4+ 29. axb4+ Kd6 30. Ne3 Ne7 31. h4 f6 32. Bd1 f5 33. Be2 Ne5 34. Ng2 Ng8 35. Ne3 Nf6 36. Kc2 Nc6 37. Kc3 Ne5 38. Kb3 Nc6 39.
Ka4 Nd4 40. Bd1 Ke5 41. c5 bxc5 42. bxc5 f4 43. gxf4+ Kxf4 44. Kb4 g5 45. hxg5 Kxg5 46. Kc4 Nc6 47. Ba4 Ne5+ 48. Kd4 Nf3+ 49. Kc3 h4 50. c6 Ne8 51. Nf1 h3 52. Bc2 Kf4 53.
Bd1 h2 54. Bxf3 Kxf3 55. Nxh2+ Kxf2 56. Kd4 Kg3 57. Nf1+ Kf4 58. Ne3 Nc7 59. Nc4 Kf5 60. Nd6+ Ke6 61. Nxe4 Nb5+ 62. Kc5 Nc7 63. Kb6 Nd5+ 64.
Kb7 Ne7 65. c7 Kd5 66. Nf6+ Kd6 67. Ng8 Nxg8 68. c8=Q Ne7 69. Qc7+ Ke6 70. Qb8 Nd5 71. Qg8+ Ke5 72. Qh8+ Nf6 73. Kc6 Ke6 74. Qh6 Ke5 75. Qe3+ Ne4 76. Kd7 Kf5 77. Ke7 Ng5 78. Qc5+ Kf4 79.
Qa5 Ne4 80. Ke6 Ng5+ 81. Kf6 Nf3 82. Qb4+ Ke3 83. Qa4 Nd2 84. Ke5 Nf3+ 85. Kf5 Nd2 86. Qa3+ Kd4 87. Kf4 Nc4 88. Qf3 Nd6 89. Qe3+ Kd5 90.
Qe5+ Kc6 91. Qe6 Kc5 92. Ke5 Nc4+ 93. Ke4 Nd6+ 94. Kd3 Nb5 95. Qc4+ Kb6 96. Qb4 Kc6 97. Kc4 Nd6+ 98. Kd4 Nb7 99. Qc4+ Kb6 100. Kd5 Na5 101. Qc5+ Ka6 102. Qb4 Nb7 103. Kc6 Nd8+ 104. Kc7 Ne6+ 105. Kd6 Nd8 106. Kd7 Nb7 107. Kc7 Na5 108. Qb6# 1-0

[Event "*** Titled Tuesday Blitz"]
[Site "Chess.com"]
[Date "2021.03.30"]
[Round "8"]
[White "Titus369"]
[Black "kakorrhaphiophobie"]
[Result "1/2-1/2"]
[WhiteElo "2509"]
[BlackElo "2350"]
[TimeControl "180+1"]
[EndTime "11:32:23 PDT"]
[Termination "Game drawn by 50-move rule"]

1. e4 e6 2. d4 d5 3. Nd2 c5 4. Ngf3 cxd4 5. exd5 Qxd5 6. Bc4 Qd6 7. O-O Nf6 8. Nb3 Nc6 9. Nbxd4 Nxd4 10. Nxd4 Be7 11. Nb5 Qc6 12. Qe2 O-O 13. Bf4 a6 14.
Nd4 Qe4 15. Be3 b5 16. Bd3 Qd5 17. Rad1 Bb7 18. Nf3 Qh5 19. h3 Rfd8 20. Ng5 Qxe2 21. Bxe2 h6 22. Nf3 Rac8 23. c3 Bd5 24. a4 bxa4 25.
Bxa6 Rb8 26. Ra1 Rxb2 27. Rxa4 Bxf3 28. gxf3 Nd5 29. Bc1 Rb6 30. Bd2 Ra8 31. Rfa1 Bf6 32. Bd3 Rxa4 33. Rxa4 g5 34. c4 Nf4 35. Be4 Nxh3+ 36. Kg2 Nf4+ 37. Bxf4 gxf4 38. Ra8+ Kg7 39. c5 Rb5 40. c6 Rc5 41. Ra7 Be5 42. Rb7 Bd6 43. Rd7 Be5 44. Kh3 Kf6 45. Kg4 Rc1 46.
Kh3 Rh1+ 47. Kg2 Rc1 48. Rd2 Bc7 49. Rb2 Ke7 50. Ra2 f5 51. Bc2 Kd6 52. Ba4 Rc5 53. Rd2+ Rd5 54. Re2 e5 55. Re1 Rd4 56. Bc2 Rc4 57.
Bxf5 Rxc6 58. Rd1+ Kc5 59. Be4 Rd6 60. Rc1+ Kb6 61.
Rb1+ Ka5 62. Rb7 Bb6 63. Re7 Bd4 64. Bc2 Kb4 65. Rc7 Rd8 66. Be4 Rg8+ 67. Kf1 Rh8 68. Rb7+ Kc5 69. Rc7+ Kd6 70. Rc6+ Ke7 71. Rg6 h5 72.
Bf5 h4 73. Re6+ Kf7 74. Bh3 Rh7 75. Rc6 Rh8 76. Rc7+ Kf6 77. Ke2 Rh6 78. Kd3 Rh8 79. Ke4 Bxf2 80. Rc6+ Ke7 81. Kxe5 Be3 82. Rc7+ Kf8 83.
Bf5 Rh6 84. Rc8+ Ke7 85. Rc7+ Kf8 86. Be6 Rh5+ 87. Kf6 Rh6+ 88. Kf5 Rh5+ 89. Kg6 Ra5 90. Kf6 Bd4+ 91. Kg6 Be3 92. Bg4 Ke8 93. Rh7 Ra6+ 94.
Kf5 Ra5+ 95. Ke4 Ra4+ 96. Kd5 Ra5+ 97. Kc4 Bf2 98. Kb4 Re5 99. Kc4 Bg3 100. Kd4 Re3 101. Kd5 Kf8 102. Kd6 Kg8 103. Rb7 Re2 104. Kd5 Re1 105. Kd4 Re3 106. Kd5 Re8 107. Be6+ Kf8 108. Ke5 Re7 109. Rb8+ Kg7 110. Kf5 Ra7 111. Kg5 Ra5+ 112. Kg4 Re5 113. Bf5 Kf6 114. Rb6+ Ke7 115. Be4 Rc5 116. Rh6 Kd7 117. Rh7+ Kd6 118. Bf5 Ke5 119. Re7+ Kd4 120. Re4+ Kc3 121. Re2 Ra5 122. Rc2+ Kb3 123. Re2 Ra3 124. Be6+ Kb4 125. Re4+ Kc3 126. Bd5 Kb2 127. Rb4+ Kc3 128. Rc4+ Kd3 129. Rc8 Ke3 130. Be4 Kf2 131. Rc2+ 1/2-1/2

[Event "*** Titled Tuesday Blitz"]
[Site "Chess.com"]
[Date "2021.03.30"]
[Round "8"]
[White "igorkovalenko"]
[Black "kuli4ik"]
[Result "1-0"]
[WhiteElo "2964"]
[BlackElo "2865"]
[TimeControl "180+1"]
[EndTime "11:33:32 PDT"]
[Termination "igorkovalenko won on time"]

1. d4 d5 2. Nf3 Nf6 3. c4 c6 4. Nc3 dxc4 5. a4 Bf5 6. Ne5 Na6 7. f3 Nd7 8. Nxc4 e5 9. dxe5 Qh4+ 10. g3 Qxc4 11. e4 Qc5 12. exf5 Qxe5+ 13. Qe2 Nb4 14. Kf2 O-O-O 15. Qxe5 Nxe5 16. Kg2 Bc5 17. Ne4 Bd4 18. Rb1 Rhe8 19. b3 f6 20. h4 Nd5 21. Bd2 Be3 22. Ba5 Bb6 23. Bxb6 axb6 24. Kf2 Ne7 25. g4 Nd5 26. Kg3 Ne3 27. Re1 Nc2 28. Rb1 Kc7 29.
g5 Nd4 30. gxf6 gxf6 31. Kf4 Nexf3 32. Rd1 Re5 33. Bh3 Nxh4 34. Nxf6 Re7 35. Rhe1 Rxe1 36. Rxe1 Rf8 37. Ne8+ Kd8 38. Nd6 Kc7 39. Rd1 c5 40.
Nb5+ Nxb5 41. axb5 Ng6+ 42. Kg5 Ne5 43. Kh6 Rf7 44. Rd5 Nf3 45. Bg4 Nd4 46. Kg5 Rg7+ 47. Kf4 Rf7 48. Bh5 Rf6 49. Kg5 Rf8 50. b4 Nxb5 51.
bxc5 bxc5 52. Rxc5+ Kb6 53. Re5 Nd6 54. Re6 Kc5 55.
f6 b5 56. Bd1 b4 57. Bb3 Kc6 58. Kh6 Kc5 59. Kg7 Rd8 60. Kxh7 Rd7+ 61. Kg6 Ra7 62.
Re5+ Kc6 63. Be6 Rc7 64. Bd5+ Kb6 65. Be6 Kc6 66. Bd5+ Kb6 67. Re1 Kb5 68. Be6 Kb6 69. Rd1 Kc6 70. f7 Nxf7 71. Bxf7 Kb5 72. Kf6 Rc5 73. Be6 Kb6 74. Rb1 Kb5 75. Ke7 Rc3 76.
Kd6 Rd3+ 77. Ke5 Kc5 78. Bf5 Re3+ 79. Kf4 Rc3 80. Be6 Rd3 81. Ke4 Rc3 82. Bf7 Rc2 83. Kd3 Rc3+ 84. Kd2 Rf3 85. Bg8 Rg3 86. Bf7 Rf3 87. Be6 Rf2+ 88. Ke3 Rc2 89. Rh1 Rc3+ 90. Kd2 Rg3 91. Rh5+ Kd4 92. Rh4+ Kc5 93. Kc2 Rc3+ 94. Kb2 Re3 95. Bf5 Re2+ 96. Bc2 Re5 97. Kb3 Re3+ 98. Kb2 Re5 99. Rg4 Rd5 100. Rg3 Re5 101. Bd3 Kd4 102. Bf1 Re3 103. Rg4+ Kc5 104. Rc4+ Kd5 105. Rxb4 Re5 106. Rb5+ Kd6 107. Rb4 Kd5 108. Rh4 Kc5 109. Kc3 Re3+ 110.
Bd3 Re5 111. Ra4 Kd6 112. Ra6+ Kc5 113. Rh6 Kd5 114. Bc4+ Kc5 115. Rh8 Re3+ 116. Bd3 Re5 117. Rc8+ Kd5 118. Bc4+ Kd6 119. Kd4 Re7 120. Rh8 Kd7 121. Rh6 Kc7 122. Kc5 Re5+ 123. Bd5 Re7 124. Ra6 Kd7 125. Bc6+ Kc7 126. Ra7+ Kd8 127. Ra8+ Kc7 128. Bd5 Rd7 129. Be6 Re7 130. Ra6 Kb7 131. Rb6+ Kc7 132. Rd6 Kb7 133. Kd5 Kc7 134. Rc6+ Kb7 135. Rc4 Rc7 136. Rb4+ Ka6 137. Kd6 Ka5 138. Rb1 Rc3 139. Bd7 Rd3+ 140. Kc5 Rc3+ 141. Kd4 Rc7 142. Bb5 Kb6 143. Be8+ Ka5 144. Rb2 Ka6 145. Kd5 Ka5 146. Bc6 1-0

[Event "*** Titled Tuesday Blitz"]
[Site "Chess.com"]
[Date "2021.03.30"]
[Round "9"]
[White "Twitch_ElhamBlitz05"]
[Black "Legendinunknown"]
[Result "1-0"]
[WhiteElo "2857"]
[BlackElo "2596"]
[TimeControl "180+1"]
[EndTime "11:40:56 PDT"]
[Termination "Twitch_ElhamBlitz05 won by resignation"]

1. e4 e5 2. Nc3 Nf6 3. Bc4 Nxe4 4. Qh5 Nd6 5. Bb3 Nc6 6. Nb5 g6 7. Qf3 f5 8. Qd5 Qe7 9. Nxc7+ Kd8 10. Nxa8 b6 11. h4 Bb7 12. Qf3 Bxa8 13. d3 h6 14. Bd2 Nd4 15. Qxa8+ 1-0

[Event "*** Titled Tuesday Blitz"]
[Site "Chess.com"]
[Date "2021.03.30"]
[Round "9"]
[White "Nemsko"]
[Black "catzapto"]
[Result "1-0"]
[WhiteElo "2311"]
[BlackElo "2172"]
[TimeControl "180+1"]
[EndTime "11:41:15 PDT"]
[Termination "Nemsko won by resignation"]

1. e4 c5 2. Nf3 e6 3. d4 cxd4 4. Nxd4 Nf6 5. Nc3 Bb4 6. Bd3 Nc6 7. Nxc6 bxc6 8. O-O d5 9. exd5 Nd7 10. dxc6 Ne5 11.
Be4 Qc7 12. Nb5 1-0

[Event "*** Titled Tuesday Blitz"]
[Site "Chess.com"]
[Date "2021.03.30"]
[Round "9"]
[White "gilbert_gm"]
[Black "Supernotar"]
[Result "1/2-1/2"]
[WhiteElo "2588"]
[BlackElo "2714"]
[TimeControl "180+1"]
[EndTime "11:41:28 PDT"]
[Termination "Game drawn by repetition"]

1. d4 d5 2. c4 dxc4 3. e3 Nf6 4. Bxc4 e6 5. Nf3 a6 6. O-O b5 7. Bd3 Bb7 8. Qe2 Nbd7 9. a4 b4 10. Nbd2 c5 11. Nc4 Qc7 12. b3 Be7 13. Bb2 O-O 14.
Rac1 Rac8 15. Nce5 Qb6 16. Nc4 Qc7 17. Nce5 Qb6 18.
Nc4 Qc7 1/2-1/2

[Event "*** Titled Tuesday Blitz"]
[Site "Chess.com"]
[Date "2021.03.30"]
[Round "9"]
[White "Jumbo"]
[Black "sorrm8thatscheckm8"]
[Result "0-1"]
[WhiteElo "2785"]
[BlackElo "2639"]
[TimeControl "180+1"]
[EndTime "11:41:30 PDT"]
[Termination "sorrm8thatscheckm8 won by resignation"]

1. d4 Nf6 2. Bf4 g6 3. e3 Bg7 4. Nf3 d6 5. Be2 O-O 6. c4 b6 7. Nc3 Bb7 8. Qc2 Nbd7 9. O-O Re8 10. e4 e5 11. dxe5 dxe5 12. Be3 c6 13. h3 Qe7 14. a3 Nh5 15. g3 Nc5 16. Rfd1 Rad8 17. Rd7 Rxd7 0-1

[Event "*** Titled Tuesday Blitz"]
[Site "Chess.com"]
[Date "2021.03.30"]
[Round "9"]
[White "LEGENYA1998"]
[Black "Trickster_Pony"]
[Result "0-1"]
[WhiteElo "2217"]
[BlackElo "1535"]
[TimeControl "180+1"]
[EndTime "11:41:37 PDT"]
[Termination "Trickster_Pony won by resignation"]

1. e4 c5 2. Nc3 g6 3. f4 Bg7 4. Nf3 Nc6 5. Bc4 e6 6. O-O Nge7 7. d3 a6 8. a4 O-O 9. Qe1 d5 10.
Ba2 Nb4 11. Qf2 Nec6 12. f5 Nd4 13. Bg5 Nxf3+ 14. Qxf3 Qxg5 0-1

[Event "*** Titled Tuesday Blitz"]
[Site "Chess.com"]
[Date "2021.03.30"]
[Round "9"]
[White "jaskol95"]
[Black "Soltan49"]
[Result "1-0"]
[WhiteElo "2418"]
[BlackElo "2239"]
[TimeControl "180+1"]
[EndTime "11:41:58 PDT"]
[Termination "jaskol95 won by resignation"]

1. d4 Nf6 2. Bf4 d5 3. e3 Bf5 4. c3 c6 5. Nf3 Qb6 6. Qb3 e6 7. Nbd2 Nbd7 8. Be2 Be7 9. O-O h6 10. h3 c5 11. Qxb6 axb6 12. Bb5 O-O 13. Ne5 Nxe5 14. Bxe5 Ne4 15. Nxe4 Bxe4 16. Bc7 Bd8 17. Bd6 Bf6 18. Bxf8 Kxf8 19. f3 c4 20. fxe4 1-0

[Event "*** Titled Tuesday Blitz"]
[Site "Chess.com"]
[Date "2021.03.30"]
[Round "9"]
[White "Leo_C"]
[Black "GM_LOADING"]
[Result "1-0"]
[WhiteElo "2398"]
[BlackElo "2520"]
[TimeControl "180+1"]
[EndTime "11:42:09 PDT"]
[Termination "Leo_C won by resignation"]

1. d4 Nf6 2. c4 e6 3. Nc3 Bb4 4. e3 Kf8 5. Bd3 b6 6. Ne2 Bb7 7. O-O d6 8. a3 Bxc3 9. Nxc3 Nbd7 10. b4 g6 11. e4 Kg7 12. f4 e5 13. fxe5 dxe5 14.
d5 h6 15. Qf3 c6 16. Be3 b5 17.
dxc6 Bxc6 18. cxb5 Bb7 1-0

[Event "*** Titled Tuesday Blitz"]
[Site "Chess.com"]
[Date "2021.03.30"]
[Round "9"]
[White "novocane"]
[Black "gxbg2000"]
[Result "1-0"]
[WhiteElo "2232"]
[BlackElo "1932"]
[TimeControl "180+1"]
[EndTime "11:42:15 PDT"]
[Termination "novocane won by resignation"]

1. d4 d5 2. c4 c6 3. cxd5 cxd5 4.
Bf4 e6 5. Nc3 Bd6 6. Bxd6 Qxd6 7. e3 Nf6 8. Bd3 a6 9. f4 O-O 10. Nf3 b5 11. O-O Nc6 12. Ne5 Nb4 13. Bb1 Bb7 14. Rf3 g6 15. Rh3 Nc6 16. Qe1 b4 17. Na4 Ne7 18. Nc5 Rab8 19. Qh4 Nf5 20. Qxf6 Bc6 21.
Bxf5 1-0

[Event "*** Titled Tuesday Blitz"]
[Site "Chess.com"]
[Date "2021.03.30"]
[Round "9"]
[White "eCztery"]
[Black "frenchpin"]
[Result "0-1"]
[WhiteElo "2377"]
[BlackElo "2518"]
[TimeControl "180+1"]
[EndTime "11:42:19 PDT"]
[Termination "frenchpin won by resignation"]

1. e4 e6 2. d4 d5 3. Nc3 Bb4 4. Qd3 Nf6 5. Bg5 dxe4 6. Qg3 Nbd7 7. O-O-O O-O 8. Nxe4 Nxe4 9. Bxd8 Nxg3 10. hxg3 Rxd8 11. Bd3 Nf6 12. g4 h6 13. Nf3 Nxg4 14. Ne5 Nxf2 15. Rhf1 Nxd1 16. Nxf7 0-1

[Event "*** Titled Tuesday Blitz"]
[Site "Chess.com"]
[Date "2021.03.30"]
[Round "9"]
[White "biostatistician"]
[Black "Kildepiotr"]
[Result "0-1"]
[WhiteElo "2543"]
[BlackElo "2683"]
[TimeControl "180+1"]
[EndTime "11:42:35 PDT"]
[Termination "Kildepiotr won by resignation"]

1. d4 c5 2. Nf3 cxd4 3. c3 dxc3 4.
Nxc3 Nc6 5. e4 d6 6. Bc4 e6 7. O-O Nf6 8. Qe2 a6 9. Rd1 Qc7 10. Nd5 exd5 11. exd5+ Ne5 12. Nxe5 dxe5 13. Bf4 Bd6 14.
Bxe5 O-O 15. Bxf6 gxf6 16. Rd4 Bf5 17. Qf3 Bg6 18. Qxf6 Be5 19. d6 Bxf6 20. dxc7 Bxd4 0-1

[Event "*** Titled Tuesday Blitz"]
[Site "Chess.com"]
[Date "2021.03.30"]
[Round "9"]
[White "Bishops83"]
[Black "Rytenko_V"]
[Result "0-1"]
[WhiteElo "2246"]
[BlackElo "2395"]
[TimeControl "180+1"]
[EndTime "11:42:49 PDT"]
[Termination "Rytenko_V won by resignation"]

1. e4 e6 2. d4 d5 3. Nd2 Nf6 4. e5 Nfd7 5. Bd3 c5 6. c3 Nc6 7. Ne2 Qb6 8. Nf3 cxd4 9. cxd4 Bb4+ 10. Bd2 O-O 11. O-O Bxd2 12. Qxd2 f6 13. exf6 Nxf6 14. Ne5 Nxe5 15. dxe5 Ng4 0-1

[Event "*** Titled Tuesday Blitz"]
[Site "Chess.com"]
[Date "2021.03.30"]
[Round "9"]
[White "artichaud"]
[Black "Magila31"]
[Result "0-1"]
[WhiteElo "2097"]
[BlackElo "2270"]
[TimeControl "180+1"]
[EndTime "11:42:52 PDT"]
[Termination "Magila31 won by resignation"]

1. e4 g6 2. Nc3 Bg7 3. h4 h5 4. Nh3 c5 5. g3 Nc6 6. Bg2 d6 7. Nf4 Nf6 8. b3 Bg4 9. f3 Bd7 10. Bb2 Nd4 11. Nce2 e5 12. Nd5 Nxd5 13. exd5 O-O 14.
c3 Nxe2 15. Qxe2 f5 16. O-O f4 17. d4 fxg3 0-1

[Event "*** Titled Tuesday Blitz"]
[Site "Chess.com"]
[Date "2021.03.30"]
[Round "9"]
[White "beto-betun"]
[Black "sau6on"]
[Result "0-1"]
[WhiteElo "2224"]
[BlackElo "2376"]
[TimeControl "180+1"]
[EndTime "11:42:59 PDT"]
[Termination "sau6on won by resignation"]

1. d4 d5 2. Nf3 Nc6 3. g3 Bf5 4.
Bg2 e6 5. O-O Nb4 6. Na3 Be7 7.
c3 Na6 8. Nc2 Nf6 9. Nd2 c5 10.
f3 cxd4 11. Nxd4 Bg6 12. e4 dxe4 13. fxe4 O-O 14. Qe2 Nc5 15. b4 Na4 16. Nb1 Nxc3 17.
Be3 Nxe2+ 0-1

[Event "*** Titled Tuesday Blitz"]
[Site "Chess.com"]
[Date "2021.03.30"]
[Round "9"]
[White "Reader777"]
[Black "Niktlt"]
[Result "1-0"]
[WhiteElo "2727"]
[BlackElo "2584"]
[TimeControl "180+1"]
[EndTime "11:43:07 PDT"]
[Termination "Reader777 won by resignation"]

1. d4 Nf6 2. c4 g6 3. Nc3 Bg7 4.
e4 d6 5. f4 O-O 6. Nf3 Na6 7. Bd3 e5 8. fxe5 dxe5 9. d5 c6 10. O-O Nc5 11. Bc2 Ne8 12. Be3 b6 13. dxc6 Qxd1 14. Rfxd1 Nc7 15. b4 N5e6 16. b5 Nf4 17.
Nd5 Nfe6 18. Ng5 f5 19. Nxe6 Nxe6 20. exf5 gxf5 21. Bxf5 e4 22. Rac1 Rb8 23. Ne7+ Kh8 24. Bxe4 Nc5 25. c7 Rb7 26. Bxc5 bxc5 27. Bxb7 Bxb7 28.
Rd8 Bd4+ 29. Kh1 Kg7 30. Rxf8 Kxf8 1-0

[Event "*** Titled Tuesday Blitz"]
[Site "Chess.com"]
[Date "2021.03.30"]
[Round "9"]
[White "sergeikim"]
[Black "MergenKakabaev"]
[Result "1-0"]
[WhiteElo "2515"]
[BlackElo "2384"]
[TimeControl "180+1"]
[EndTime "11:43:25 PDT"]
[Termination "sergeikim won by resignation"]

1. d4 d5 2. c4 c6 3. Nf3 Nf6 4. Qc2 e6 5. Nbd2 Nbd7 6. g3 b6 7. Bg2 Bb7 8. O-O Be7 9. e4 dxe4 10.
Nxe4 c5 11. Nxf6+ Bxf6 12. Rd1 Qe7 13. d5 O-O 14. Re1 e5 15. Bd2 Rfe8 16. Bc3 Qd6 17. Nd2 Be7 18. Rad1 Bf8 19. Bh3 Rad8 20. Bf5 g6 21. Ne4 Qc7 22. Bxd7 1-0

[Event "*** Titled Tuesday Blitz"]
[Site "Chess.com"]
[Date "2021.03.30"]
[Round "9"]
[White "Witik"]
[Black "suneebaker"]
[Result "1-0"]
[WhiteElo "2674"]
[BlackElo "2162"]
[TimeControl "180+1"]
[EndTime "11:43:31 PDT"]
[Termination "Witik won by resignation"]

1. d4 e6 2. e4 d5 3. Nc3 Nf6 4. e5 Nfd7 5. Nce2 c5 6. c3 Nc6 7. f4 f6 8. Nf3 cxd4 9. cxd4 fxe5 10. fxe5 Be7 11. Nf4 Nb6 12. Bd3 O-O 13. h4 Nb4 14.
Bxh7+ Kxh7 15. Ng5+ Bxg5 16. hxg5+ Kg8 17. Qh5 Rxf4 18.
Qh8+ Kf7 19. g6+ Ke7 20. Qxg7+ 1-0

[Event "*** Titled Tuesday Blitz"]
[Site "Chess.com"]
[Date "2021.03.30"]
[Round "9"]
[White "Yurovskykh_Oleksandr"]
[Black "Nayemhaque22"]
[Result "0-1"]
[WhiteElo "2527"]
[BlackElo "2403"]
[TimeControl "180+1"]
[EndTime "11:43:32 PDT"]
[Termination "Nayemhaque22 won by resignation"]

1. d4 d5 2. Bf4 c5 3. e3 Nc6 4.
c3 Qb6 5. Qb3 c4 6. Qc2 Nf6 7.
Nd2 g6 8. e4 dxe4 9. Bxc4 Bg7 10. Ne2 O-O 11. Ng3 e5 12. dxe5 Ng4 13. O-O Ngxe5 14.
Ngxe4 Bf5 15. Be3 Qc7 16. Be2 Rfe8 17. Ng3 Bxc2 0-1

[Event "*** Titled Tuesday Blitz"]
[Site "Chess.com"]
[Date "2021.03.30"]
[Round "9"]
[White "ljuks68"]
[Black "aunqa"]
[Result "0-1"]
[WhiteElo "2466"]
[BlackElo "2365"]
[TimeControl "180+1"]
[EndTime "11:43:36 PDT"]
[Termination "aunqa won by resignation"]

1. e4 c5 2. Nf3 e6 3. d4 cxd4 4. Nxd4 a6 5. Bd3 Bc5 6. Nb3 Be7 7. Qg4 Nf6 8. Qxg7 Rg8 9. Qh6 Rxg2 10. Qh3 Rg7 11.
Nc3 d6 12. Bh6 Rg8 13. e5 dxe5 14. O-O-O Qc7 15. Rhg1 Rxg1 16. Rxg1 Nc6 17. Bg5 Nd5 18. Bxh7 Bd7 19. Nxd5 exd5 20. Qh4 Be6 21. Bxe7 Nxe7 22.
Bf5 Bxf5 0-1

[Event "*** Titled Tuesday Blitz"]
[Site "Chess.com"]
[Date "2021.03.30"]
[Round "9"]
[White "GMJustin"]
[Black "mr65"]
[Result "1-0"]
[WhiteElo "2295"]
[BlackElo "2105"]
[TimeControl "180+1"]
[EndTime "11:43:44 PDT"]
[Termination "GMJustin won by resignation"]

1. e4 e5 2. Nf3 Nc6 3. Bc4 Nf6 4.
Ng5 d5 5. exd5 Na5 6. Bb5+ c6 7. dxc6 bxc6 8. Be2 h6 9. Nf3 e4 10. Ne5 Bd6 11.
d4 exd3 12. Nxd3 O-O 13. O-O Re8 14. Nc3 Ng4 15. Bxg4 Qh4 16. h3 f5 17. Bh5 g6 18.
Bxg6 Re7 19. Qh5 Qxh5 20. Bxh5 Nc4 21. b3 Nb6 22. Bxh6 Rh7 23. Bf4 Ba3 24. Bf3 Ba6 25.
Rad1 c5 26. Bxa8 1-0

[Event "*** Titled Tuesday Blitz"]
[Site "Chess.com"]
[Date "2021.03.30"]
[Round "9"]
[White "Kozok"]
[Black "Loy_Konstantin"]
[Result "0-1"]
[WhiteElo "2486"]
[BlackElo "2350"]
[TimeControl "180+1"]
[EndTime "11:43:49 PDT"]
[Termination "Loy_Konstantin won by resignation"]

1. e4 c5 2. Nf3 d6 3. d4 cxd4 4. Nxd4 Nf6 5. Nc3 g6 6. Be3 Bg7 7. f3 O-O 8. Qd2 Nc6 9. g4 Bd7 10. h4 Rc8 11. h5 Ne5 12. O-O-O Qa5 13. Nb3 Qc7 14. Qh2 Nxf3 15. Qg2 Bxg4 16. hxg6 fxg6 17. Be2 Ne5 18. Bxg4 Nexg4 19. Bd4 h5 20. Kb1 a6 21. Nd5 Nxd5 22. Bxg7 Kxg7 23. Rxd5 Rf2 0-1

[Event "*** Titled Tuesday Blitz"]
[Site "Chess.com"]
[Date "2021.03.30"]
[Round "9"]
[White "JiiHart"]
[Black "chessprincesa1"]
[Result "1-0"]
[WhiteElo "2064"]
[BlackElo "2219"]
[TimeControl "180+1"]
[EndTime "11:44:15 PDT"]
[Termination "JiiHart won by resignation"]

1. e4 e5 2. Nf3 Nc6 3. Bc4 Bc5 4. c3 d6 5. d4 exd4 6. cxd4 Bb4+ 7. Nc3 Nf6 8. O-O O-O 9. Bg5 h6 10. Bh4 Bg4 11. Kh1 g5 12. Bg3 Nh5 13. Be2 Nxg3+ 14. fxg3 Qe7 15. Nd5 Qd8 16. Nxb4 Nxb4 17. d5 Qe7 18. Nd4 Bxe2 19. Qxe2 Rae8 20. Rae1 Nxd5 21. exd5 1-0

[Event "*** Titled Tuesday Blitz"]
[Site "Chess.com"]
[Date "2021.03.30"]
[Round "9"]
[White "bazar-wokzal"]
[Black "McCarthyStone"]
[Result "1-0"]
[WhiteElo "2567"]
[BlackElo "2415"]
[TimeControl "180+1"]
[EndTime "11:44:17 PDT"]
[Termination "bazar-wokzal won by resignation"]

1. e4 d6 2. f4 Nf6 3. Nc3 c6 4. Nf3 g6 5. d4 Bg7 6. Be3 O-O 7. Qd2 Qa5 8. h3 b5 9. Bd3 Bb7 10. e5 Nfd7 11. h4 Nb6 12. h5 Nc4 13. Bxc4 bxc4 14.
hxg6 hxg6 15. Qf2 Rd8 16. Qh4 Qb6 17. O-O-O Nd7 18. Qxe7 Rab8 19. Ng5 Rf8 20. Qxd7 Bc8 21. Qxd6 Qxb2+ 22. Kd2 Bf5 23. Rc1 Rfd8 24. Qxc6 Rb6 25.
Qxc4 Rb7 26. e6 Rc8 27. Qxc8+ 1-0

[Event "*** Titled Tuesday Blitz"]
[Site "Chess.com"]
[Date "2021.03.30"]
[Round "9"]
[White "Danny_Billiards"]
[Black "ChelsieMonica"]
[Result "1-0"]
[WhiteElo "2578"]
[BlackElo "2405"]
[TimeControl "180+1"]
[EndTime "11:44:18 PDT"]
[Termination "Danny_Billiards won by resignation"]

1. e4 e5 2. Nf3 Nc6 3. Bc4 Nf6 4. d3 Be7 5. O-O O-O 6. a4 a6 7. Re1 h6 8. Nc3 d6 9. Nd5 Nxd5 10. Bxd5 Nb8 11. c3 Be6 12. Bxb7 Ra7 13. Bd5 Bxd5 14. exd5 Nd7 15. d4 Bf6 16. dxe5 Nxe5 17. Nd4 Rb7 18. b4 Qd7 19. f4 Ng6 20. g3 h5 21. Qxh5 Bxd4+ 22. cxd4 Rxb4 23. f5 Nh8 24. Re4 g6 25. Qh6 f6 26. Rh4 Qg7 27. Qxg7+ Kxg7 28. Bh6+ 1-0

[Event "*** Titled Tuesday Blitz"]
[Site "Chess.com"]
[Date "2021.03.30"]
[Round "9"]
[White "chessdiamant"]
[Black "StockholmMissile"]
[Result "0-1"]
[WhiteElo "2399"]
[BlackElo "2565"]
[TimeControl "180+1"]
[EndTime "11:44:33 PDT"]
[Termination "StockholmMissile won by resignation"]

1. Nf3 d5 2. g3 Nd7 3. d4 Nb6 4.
Bg2 Bf5 5. O-O e6 6. b3 Nf6 7.
Nbd2 h6 8. Bb2 Be7 9. c4 O-O 10. Ne5 c6 11. f3 Bh7 12. e4 dxe4 13. fxe4 Nbd7 14. Nxd7 Nxd7 15. e5 Qc7 16. Qe2 Rad8 17. Rae1 Qa5 18. a3 Bg6 19. b4 Qb6 20. Kh1 a5 21. c5 Qa7 22. b5 cxb5 23. Qxb5 Nxc5 24. dxc5 Rxd2 25. Bxb7 Bd3 26. Qd7 Be4+ 27. Rxe4 Rxd7 28. c6 Rxb7 29. cxb7 Qxb7 0-1

[Event "*** Titled Tuesday Blitz"]
[Site "Chess.com"]
[Date "2021.03.30"]
[Round "9"]
[White "skeyman"]
[Black "AthanasiusLefebvre"]
[Result "1-0"]
[WhiteElo "2227"]
[BlackElo "2030"]
[TimeControl "180+1"]
[EndTime "11:44:37 PDT"]
[Termination "skeyman won by resignation"]

1. Nf3 g6 2. c4 Bg7 3. Nc3 d6 4. b3 e6 5. Bb2 Ne7 6. Qc2 O-O 7. e3 c5 8. Ne2 e5 9. Ng3 Nbc6 10. a3 a6 11. h4 h5 12. Ng5 Rb8 13. Bd3 f5 14. f4 e4 15. Be2 Qe8 16. Bxg7 Kxg7 17. Qc3+ Kh6 18. O-O b5 19. cxb5 axb5 20. d3 exd3 21.
Bxd3 b4 22. axb4 Nxb4 23. Rae1 Ned5 24. Qd2 Qe7 25. e4 fxe4 26. Bxe4 Bb7 27. Bxd5 Nxd5 28. Rxe7 Nxe7 29. f5 d5 30. Ne6+ Kh7 31. Nxf8+ Rxf8 32. fxg6+ Nxg6 33. Rxf8 Nxf8 34. Qg5 Ng6 35. Nf5 1-0

[Event "*** Titled Tuesday Blitz"]
[Site "Chess.com"]
[Date "2021.03.30"]
[Round "9"]
[White "mishanick"]
[Black "Cambek64"]
[Result "1-0"]
[WhiteElo "2940"]
[BlackElo "2487"]
[TimeControl "180+1"]
[EndTime "11:44:39 PDT"]
[Termination "mishanick won by resignation"]

1. c4 c6 2. e4 e5 3. Nf3 d6 4.
Nc3 Nd7 5. d4 Ngf6 6. Be2 Be7 7.
O-O O-O 8. Re1 Qc7 9. h3 Re8 10. d5 Nc5 11. Nd2 a5 12. b3 Bd7 13. Bb2 h6 14. Rc1 Nh7 15. Nf1 Bg5 16. Rc2 Rf8 17. Bg4 f5 18. exf5 Bxf5 19. Bxf5 Rxf5 20. Ng3 Rf7 21.
dxc6 bxc6 22. Nge4 Nxe4 23. Nxe4 Be7 24. Rd2 Nf6 25. Nxd6 Bxd6 26. Rxd6 Nd5 27. Bxe5 Nf4 28. Qg4 Raf8 29. Rxh6 Nd3 30. Bxc7 Nxe1 31. Be5 Nd3 32. Qg6 Re7 33. Qh7+ Kf7 34. Rf6+ Ke8 35. Rxf8+ Kxf8 36. Bd6 1-0

[Event "*** Titled Tuesday Blitz"]
[Site "Chess.com"]
[Date "2021.03.30"]
[Round "9"]
[White "EvgenyT"]
[Black "Hikaru"]
[Result "0-1"]
[WhiteElo "2928"]
[BlackElo "3212"]
[TimeControl "180+1"]
[EndTime "11:44:41 PDT"]
[Termination "Hikaru won by resignation"]

1. c4 e5 2. g3 Nf6 3. Bg2 d5 4. cxd5 Nxd5 5. Nc3 Nb6 6. Nf3 Nc6 7. Rb1 a5 8. d3 Be7 9. Be3 O-O 10. O-O f5 11. Rc1 Be6 12. a3 Bf6 13. Nd2 Rb8 14. Bxb6 cxb6 15.
Qa4 Rc8 16. Nc4 Nd4 17. Qd1 b5 0-1